[Event "Early-Titled-Tuesday-Blitz-February-20-2024"]
[Site "Chess.com"]
[Date "2024.02.20"]
[Round "8"]
[White "LaPiToB"]
[Black "BozeKat"]
[Result "0-1"]
[WhiteElo "2275"]
[BlackElo "2143"]
[TimeControl "180+1"]
[EndTime "9:31:14 PST"]
[Termination "BozeKat won by resignation"]

1. c4 c5 2. Nc3 g6 3. g3 Bg7 4. Bg2 Nc6 5. e4 e5 6. Nge2 Nge7 7. O-O O-O 8. d3 d6 9. a3 Be6 10. Rb1 a5 11. f4 f5 12. Be3 h6 13. h3 Kh7 14.
Nd5 Nd4 15. Nxd4 cxd4 16. Bd2 fxe4 17. dxe4 Nc6 18. f5 gxf5 19. exf5 Bxd5 20. cxd5 Ne7 21.
Be4 Bf6 22. Qh5 Ng8 23. Rbc1 Rc8 24. g4 Qe8 25. Qxe8 Rfxe8 26. Bxa5 Kg7 27. Bb4 Be7 28.
Bd3 Nf6 29. Bb5 Rg8 30. Bc4 Kh8 31. Kh2 h5 32. Be2 hxg4 33. Rxc8 g3+ 34. Kg2 Rxc8 35.
Bd1 Nxd5 36. Bd2 Bh4 37. Bf3 Nf6 38. Bxb7 Rb8 39. Ba6 Rxb2 40. Rd1 Ne4 41. Kf3 Nxd2+ 42. Kg4 Bf6 43. Rc1 Ne4 44. Kh5 g2 45. Kg6 Rb8 46. Bc8 Nf2 47. Be6 Nxh3 48. Rc7 g1=Q+ 49. Kh6 Qg7+ 50. Rxg7 Bxg7+ 51. Kg6 d3 52. f6 Bxf6 53. Kxf6 d2 54. Bxh3 d1=Q 55. Bf5 Qa1 56. Ke6 Qxa3 57. Kf6 e4 58. Be6 e3 59. Bf5 e2 0-1

[Event "Early-Titled-Tuesday-Blitz-February-20-2024"]
[Site "Chess.com"]
[Date "2024.02.20"]
[Round "8"]
[White "Evgeny81"]
[Black "TigrVShlyape"]
[Result "0-1"]
[WhiteElo "2762"]
[BlackElo "2919"]
[TimeControl "180+1"]
[EndTime "9:31:15 PST"]
[Termination "TigrVShlyape won by resignation"]

1. c4 f5 2. g3 Nf6 3. d4 g6 4. Bg2 Bg7 5. Nf3 d6 6. O-O O-O 7. Nc3 c6 8. b3 a5 9. Bb2 Na6 10. Re1 Ne4 11. Qc1 Qb6 12. Rd1 e5 13. c5 Nxc3 14. Bxc3 dxc5 15. dxe5 Nc7 16. Nd2 Nb5 17. Nc4 Qc7 18. Bb2 Be6 19. f4 Rfd8 20. e3 a4 21. Rxd8+ Qxd8 22. Qc2 axb3 23. axb3 Rxa1+ 24. Bxa1 Bd5 25.
Qd1 Bf8 26. Bb2 Be7 27. Bxd5+ Qxd5 28. Qxd5+ cxd5 29. Nb6 Nc7 30. Ba3 Kf7 31. Nd7 Na6 32. Kf2 Ke6 33. Nb6 Bd8 34. Na4 c4 35. bxc4 dxc4 36.
Nc3 Ba5 37. Nb5 Nc7 38. Nd4+ Kd5 39. Ke2 b5 40. Nc2 Ne6 41. Bb4 Bb6 42. h3 h5 43.
Bd6 Ke4 44. Nb4 Bxe3 45. h4 Bd4 46. Nc2 Bc3 47. Kd1 Kd5 48. Bb4 Bd4 49. Ke2 Bb6 50. Bc3 Bc5 51. Kf3 Nd8 52. Bd2 Nc6 53. Be3 b4 54.
Bxc5 Kxc5 55. Ke3 b3 56. Na3 Kb4 57. Nb1 c3 58. Kd3 c2 0-1

[Event "Early-Titled-Tuesday-Blitz-February-20-2024"]
[Site "Chess.com"]
[Date "2024.02.20"]
[Round "8"]
[White "chess94cu"]
[Black "carokannlover213"]
[Result "0-1"]
[WhiteElo "2662"]
[BlackElo "2852"]
[TimeControl "180+1"]
[EndTime "9:31:15 PST"]
[Termination "carokannlover213 won by checkmate"]

1. e4 e5 2. Nf3 Nf6 3. Nc3 Nc6 4. Bb5 Nd4 5. Bc4 Nxf3+ 6. Qxf3 d6 7. h3 Be7 8. g4 h6 9. d3 Be6 10. Bxe6 fxe6 11.
h4 Qd7 12. Bd2 O-O-O 13. O-O-O Rhf8 14. Qg2 Ng8 15. g5 h5 16. Rhf1 g6 17. f4 exf4 18.
Bxf4 e5 19. Be3 Kb8 20. Qg1 b6 21. Nd5 c6 22. Nc3 Kb7 23. a4 Qh3 24. a5 Qxh4 25. Kb1 Ra8 26. Rxf8 Rxf8 27. axb6 axb6 28. Na4 Qg4 29. Qe1 Bd8 30. Rc1 b5 31. Qb4 Kc7 32.
Qa5+ Kd7 33. Qa7+ Ke8 34. Nb6 Bxb6 35. Bxb6 Qd7 36. Qa6 c5 37. Qa8+ Ke7 38. Qd5 Qe6 39. Qc6 Qd7 40. Qd5 b4 41. Qb7 Qxb7 42. Ba5 Ra8 43.
d4 Rxa5 44. Rf1 exd4 45. Kc1 Ke8 46. Kd2 Qf7 47. Rxf7 Kxf7 48. e5 dxe5 49. Kd3 Ke6 50. Kc4 Ra8 51. b3 Ne7 52. c3 bxc3 53. b4 c2 54. Kd3 c1=Q 55. bxc5 Ra3+ 56. Ke4 Nc8 57. c6 Nd6# 0-1

[Event "Early-Titled-Tuesday-Blitz-February-20-2024"]
[Site "Chess.com"]
[Date "2024.02.20"]
[Round "8"]
[White "yaguigor"]
[Black "JonSnowNW1"]
[Result "1/2-1/2"]
[WhiteElo "2670"]
[BlackElo "2510"]
[TimeControl "180+1"]
[EndTime "9:31:15 PST"]
[Termination "Game drawn by repetition"]

1. Nf3 d5 2. d4 Nf6 3. c4 c6 4. Nc3 e6 5. e3 Nbd7 6. Qc2 Bd6 7. b3 Qe7 8. Be2 O-O 9. O-O e5 10.
cxd5 Nxd5 11. Nxd5 cxd5 12. dxe5 Nxe5 13. Bb2 Nxf3+ 14.
Bxf3 Be6 15. Qc3 Qg5 16. h4 Qh6 17. Qd4 Be7 18. g3 Bf6 19. Qd2 Rfd8 20. Bd4 Qg6 21.
Kh2 Qf5 22. Bg2 Be7 23. Rac1 Ba3 24. Rc2 Rac8 25. Rc3 Rxc3 26. Qxc3 Rc8 27. Qa5 Bd6 28. Qxa7 h5 29. Qb6 Rc6 30. Qd8+ Kh7 31. Qg5 Qxg5 32.
hxg5 Rc2 33. a4 h4 34. e4 hxg3+ 35. fxg3 Rd2 36. Be3 Re2 37. Bf4 Bxf4 38. Rxf4 dxe4 39. b4 Bd5 40. Rf5 Bc6 41. b5 Bd7 42. Rxf7 Be6 43. Rxb7 e3 44. Kg1 Re1+ 45. Kh2 Re2 46. Kg1 Re1+ 47.
Kh2 Re2 1/2-1/2

[Event "Early-Titled-Tuesday-Blitz-February-20-2024"]
[Site "Chess.com"]
[Date "2024.02.20"]
[Round "8"]
[White "Actuary44"]
[Black "azikom"]
[Result "0-1"]
[WhiteElo "2507"]
[BlackElo "2666"]
[TimeControl "180+1"]
[EndTime "9:31:15 PST"]
[Termination "azikom won by resignation"]

1. e4 c6 2. d4 d5 3. Nc3 dxe4 4. Nxe4 Bf5 5. Ng3 Bg6 6. h4 h6 7.
Nh3 e6 8. Nf4 Bh7 9. Bd3 Bxd3 10. Qxd3 Nf6 11. Bd2 Nbd7 12. O-O-O Qc7 13. Rhe1 O-O-O 14. c4 Kb8 15. Qb3 Bd6 16. Nd3 c5 17. Ne2 a6 18. dxc5 Nxc5 19. Nxc5 Qxc5 20. Be3 Qc6 21. f3 Bc5 22. Bxc5 Qxc5 23. Qc3 Rc8 24. b3 Qf2 25.
Qe5+ Ka8 26. Qg3 Qe3+ 27. Kb1 Rhd8 28. Nc1 Ne4 29. Rxe3 Nxg3 30. Rxd8 Rxd8 31. Rd3 Rxd3 32. Nxd3 Nf5 33. h5 Ng3 34. Ne5 f5 35. Kc2 Nxh5 36.
Kd2 Nf4 37. g4 fxg4 38. fxg4 Kb8 39. Ke3 g5 40. Ke4 Kc7 41. Nf7 Ne2 42. Nxh6 Nc3+ 43.
Ke5 Nxa2 44. Kf6 Nc1 45. b4 Nd3 46. b5 a5 47. Nf7 a4 48. b6+ Kxb6 49. Nd6 a3 50. c5+ Kxc5 51. Ne4+ Kb4 52. Nd2 a2 53. Kxe6 a1=Q 0-1

[Event "Early-Titled-Tuesday-Blitz-February-20-2024"]
[Site "Chess.com"]
[Date "2024.02.20"]
[Round "8"]
[White "NaciSAN"]
[Black "AnaKuchava"]
[Result "0-1"]
[WhiteElo "2078"]
[BlackElo "2210"]
[TimeControl "180+1"]
[EndTime "9:31:17 PST"]
[Termination "AnaKuchava won on time"]

1. e4 c5 2. Nf3 d6 3. Bb5+ Bd7 4. Bxd7+ Qxd7 5. O-O Nc6 6. c3 Nf6 7. d4 cxd4 8. cxd4 d5 9. e5 Ne4 10. Nbd2 Nxd2 11.
Bxd2 e6 12. Rc1 Be7 13. Rc3 Rc8 14. a3 O-O 15. Rd3 b5 16. Ng5 f5 17. Qh5 Bxg5 18. Bxg5 g6 19. Qh4 a5 20. Rc1 b4 21. Bh6 Rfe8 22.
h3 bxa3 23. bxa3 a4 24. Rdc3 Qe7 25. Qf4 Na7 26. h4 Rxc3 27. Rxc3 Rc8 28. Qc1 Rxc3 29. Qxc3 Qxh4 30. Qa5 Qxh6 31. Qxa7 Qc1+ 32. Kh2 Qxa3 33. Qb8+ Qf8 34. Qa7 a3 35. Kg3 Qb4 36. Qa8+ Kf7 37.
Qa7+ Qe7 38. Qa6 Qg5+ 39. Kh2 Qf4+ 40. Kg1 Qxd4 41. Qb7+ Kg8 42. Qb8+ Kg7 43. Qc7+ Kh6 44. Qd6 a2 45. Qf8+ Kg5 46. Qe7+ Kh6 47. Qf8+ Kh5 48. Qf6 Qa1+ 49. Kh2 Qd4 50. Qf8 Qh4+ 0-1

[Event "Early-Titled-Tuesday-Blitz-February-20-2024"]
[Site "Chess.com"]
[Date "2024.02.20"]
[Round "8"]
[White "AlexanderKing"]
[Black "Magic-Nelwyn"]
[Result "0-1"]
[WhiteElo "2621"]
[BlackElo "2490"]
[TimeControl "180+1"]
[EndTime "9:31:18 PST"]
[Termination "Magic-Nelwyn won on time"]

1. c4 b6 2. d4 Bb7 3. Nc3 e6 4. e4 Bb4 5. Qc2 Qh4 6. Bd3 f5 7. Nf3 Qg4 8. O-O Bxc3 9. h3 Qh5 10. bxc3 fxe4 11. Bxe4 Bxe4 12. Qxe4 Nc6 13. d5 Nf6 14.
Qe2 Na5 15. dxe6 O-O 16. e7 Rfe8 17. Bg5 Qf7 18. Bxf6 Qxf6 19. Rfe1 Nc6 20. c5 Rxe7 21. Qc4+ Qf7 22. Qxf7+ Rxf7 23. cxb6 axb6 24. Ne5 Nxe5 25.
Rxe5 Kf8 26. a4 d6 27. Rb5 Ke7 28. a5 Rxa5 29. Rbxa5 bxa5 30. Rxa5 Kd7 31. c4 Rf4 32.
c5 d5 33. Kf1 Rc4 34. Ke2 Kc6 35. Ra8 Kxc5 36. Rg8 Rc2+ 37. Ke3 Kc4 38. Rxg7 c5 39.
Rxh7 d4+ 40. Kf3 Rc3+ 41. Ke4 Rc2 42. Rd7 Rxf2 43. g4 Rh2 44. g5 Rxh3 45. Kf4 Rh1 46. g6 Rf1+ 47. Ke5 Rg1 48. Kf5 Kc3 49. Ke4 Rg4+ 50.
Kf5 Rg1 51. Rd5 c4 52. Kf6 d3 53. Rg5 Rf1+ 54. Ke7 Re1+ 55. Kf7 Ra1 56. g7 Ra7+ 57. Kf6 Ra8 0-1

[Event "Early-Titled-Tuesday-Blitz-February-20-2024"]
[Site "Chess.com"]
[Date "2024.02.20"]
[Round "8"]
[White "Rozhkov_V"]
[Black "Jamal-Jamal-Jamal"]
[Result "1-0"]
[WhiteElo "2423"]
[BlackElo "2274"]
[TimeControl "180+1"]
[EndTime "9:31:19 PST"]
[Termination "Rozhkov_V won by checkmate"]

1. c4 f5 2. g3 Nf6 3. Bg2 d6 4.
d4 e6 5. Nf3 Be7 6. Nc3 O-O 7.
O-O Ne4 8. Qc2 Nxc3 9. Qxc3 a5 10. h4 Nc6 11. d5 Bf6 12. Qd2 Ne5 13. Nxe5 dxe5 14.
dxe6 c6 15. Qc2 Bxe6 16. Rd1 Qe7 17. b3 a4 18. Bb2 Qc5 19. Qc1 axb3 20. axb3 Rxa1 21.
Qxa1 h6 22. Ba3 Qb6 23. Bxf8 Kxf8 24. Qa3+ Kf7 25. c5 Qb5 26. Bf1 Be7 27. e4 Bxc5 28.
Bxb5 Bxa3 29. Bc4 fxe4 30. Rd7+ Kf6 31. Rxb7 Bxc4 32. bxc4 c5 33. Kf1 g6 34. Ke2 Bb4 35.
Ke3 Kf5 36. Rf7+ Ke6 37. Rf8 Bc3 38. Kxe4 Bd4 39. f4 exf4 40. gxf4 Ke7 41. Rg8 Kf7 42. Rd8 Ke7 43. Rxd4 cxd4 44. Kxd4 Kd6 45. c5+ Kc6 46. Kc4 Kc7 47. Kd5 Kd7 48. c6+ Kc7 49. Kc5 Kd8 50.
Kd6 Kc8 51. Ke6 Kc7 52. Kf6 Kxc6 53. Kxg6 Kd7 54. f5 Ke7 55. Kg7 h5 56. f6+ Ke6 57. f7 Kf5 58. f8=Q+ Kg4 59. Qf6 Kg3 60. Qg5+ Kh2 61. Kg6 Kh3 62. Kf5 Kh2 63. Kf4 Kh3 64. Kf3 Kh2 65. Qg3+ Kh1 66. Qg2# 1-0

[Event "Early-Titled-Tuesday-Blitz-February-20-2024"]
[Site "Chess.com"]
[Date "2024.02.20"]
[Round "8"]
[White "Egor_Koshulyan"]
[Black "picturesquecheck"]
[Result "1/2-1/2"]
[WhiteElo "2614"]
[BlackElo "2452"]
[TimeControl "180+1"]
[EndTime "9:31:20 PST"]
[Termination "Game drawn by repetition"]

1. e4 c5 2. Nf3 Nc6 3. d4 cxd4 4.
Nxd4 Nf6 5. Nc3 d6 6. Bg5 e6 7.
Qd2 a6 8. O-O-O h6 9. Bf4 Bd7 10. Nxc6 Bxc6 11. f3 d5 12. Qe3 Qa5 13. Be5 Bc5 14.
Qf4 dxe4 15. Bxf6 gxf6 16. Qxf6 Rg8 17. fxe4 Bb4 18. Bc4 Bxc3 19. bxc3 Qg5+ 20. Qxg5 Rxg5 21. g3 Bxe4 22. Rhf1 Rc8 23. Rd4 Bg6 24. Rf6 Ke7 25. Rf2 Rgc5 26. Bb3 Rxc3 27. Rdf4 b5 28. Kb2 a5 29. a4 bxa4 30. Rxa4 R3c5 31. Rd2 h5 32. Rad4 R8c7 33. Rd8 Rb7 34. Ra8 Bf5 35. Ka3 Rbc7 36.
Kb2 Rb7 37. Ka3 Kf6 38. Rh8 Rbc7 39. Rxh5 Kg6 40. Rh8 Bxc2 41. Rg8+ Kh7 42. Rdd8 Bxb3 43. Kxb3 Rb7+ 44. Ka4 Rc1 45. Rh8+ Kg6 46. Rhg8+ Kf6 47. Rd3 Rb2 48. h4 Rc4+ 49. Kxa5 Rc7 50. Ka6 Rc6+ 51. Ka5 Rc7 52. Ka6 Rc6+ 53. Ka5 Rc7 1/2-1/2

[Event "Early-Titled-Tuesday-Blitz-February-20-2024"]
[Site "Chess.com"]
[Date "2024.02.20"]
[Round "8"]
[White "Lion-Al-Messi"]
[Black "BardArtem"]
[Result "0-1"]
[WhiteElo "2537"]
[BlackElo "2767"]
[TimeControl "180+1"]
[EndTime "9:31:21 PST"]
[Termination "BardArtem won on time"]

1. e4 e5 2. Nf3 Nc6 3. Bb5 Nge7 4. Nc3 Ng6 5. h4 Be7 6. h5 Nh4 7. Nxh4 Bxh4 8. g3 Bf6 9. h6 g6 10. Nd5 a6 11. Ba4 b5 12. Bb3 O-O 13. c3 d6 14.
Qf3 Bh8 15. d3 Be6 16. Be3 Na5 17. Bc2 Bxd5 18. exd5 Nb7 19. O-O-O a5 20. d4 exd4 21. Bxd4 Bxd4 22. Rxd4 Qg5+ 23. Kb1 Rfe8 24. Rf4 Re7 25. a3 Nc5 26. Qd1 Rae8 27. Qd4 Qe5 28. Ka2 Qxd4 29.
cxd4 Nd7 30. Bd3 Nb6 31. Bxb5 Rb8 32. Rf3 Nxd5 33. Rb3 Kf8 34. Rc1 Nb6 35. Rbc3 Nd5 36. Rb3 f5 37. Bc4 Rxb3 38. Bxb3 Nf6 39. f3 g5 40. Rc6 g4 41. fxg4 fxg4 42. Ra6 Re3 43. Ra8+ Ke7 44. Ra7 Kd7 45. Ba4+ Kd8 46. Ra8+ Ke7 47.
Rc8 Rxg3 48. Rxc7+ Ke6 49. Bc2 Rh3 50. Bxh7 Rxh6 51. Bc2 Rh2 52. Kb1 g3 53. Rg7 g2 54. Ka2 Nd5 55. Bb3 Kf6 56. Rg8 Nc3+ 0-1

[Event "Early-Titled-Tuesday-Blitz-February-20-2024"]
[Site "Chess.com"]
[Date "2024.02.20"]
[Round "8"]
[White "Jospem"]
[Black "VladimirKramnik"]
[Result "1-0"]
[WhiteElo "3099"]
[BlackElo "2977"]
[TimeControl "180+1"]
[EndTime "9:31:22 PST"]
[Termination "Jospem won by checkmate"]

1. e4 e6 2. d4 d5 3. exd5 exd5 4. Nf3 Nc6 5. h3 Bd6 6. c4 dxc4 7. Bxc4 Nf6 8. O-O O-O 9. Qc2 h6 10. Nc3 Nb4 11.
Qb1 c6 12. Re1 Nbd5 13. Bd2 Re8 14. Rxe8+ Qxe8 15. Qc2 Be6 16. Re1 Qf8 17. Bb3 Re8 18.
Ne5 Nb4 19. Qd1 Bxb3 20. Qxb3 c5 21. Ne4 Nxe4 22. Rxe4 Bxe5 23. dxe5 b6 24. e6 fxe6 25.
Rxe6 Rxe6 26. Qxe6+ Kh7 27. a3 Na6 28. Qd7 Nb8 29.
Qxa7 Qd6 30. Bc3 Qd1+ 31. Kh2 Qd6+ 32. Kg1 Qd1+ 33. Kh2 Qd6+ 34. g3 Nd7 35. Qb7 Nf6 36. Qf7 Kh8 37. Bxf6 gxf6 38. Qg6 Qd4 39. Qxh6+ Kg8 40.
Qg6+ Kf8 41. Qc2 b5 42. h4 c4 43. Kg1 Qg4 44. Qd2 Kg7 45. Qe3 Qd1+ 46. Kg2 Qd5+ 47.
Qf3 Qd2 48. Qb7+ Kg6 49. Qxb5 Qe2 50. Qd5 Qxb2 51. Qxc4 Qxa3 52. Qg8+ Kh6 53. Qh8+ Kg6 54. h5+ Kg5 55. Qg7+ Kxh5 56. Qh7+ Kg4 57. Qg6# 1-0

[Event "Early-Titled-Tuesday-Blitz-February-20-2024"]
[Site "Chess.com"]
[Date "2024.02.20"]
[Round "8"]
[White "Orest_Vovk"]
[Black "Zohid6"]
[Result "0-1"]
[WhiteElo "2667"]
[BlackElo "2874"]
[TimeControl "180+1"]
[EndTime "9:31:22 PST"]
[Termination "Zohid6 won by resignation"]

1. h4 d5 2. h5 e5 3. h6 Nxh6 4. d4 e4 5. Bxh6 gxh6 6. e3 c6 7. c4 Be6 8. Qb3 Qb6 9. Nc3 Nd7 10.
cxd5 cxd5 11. Bb5 O-O-O 12. Bxd7+ Rxd7 13. Qxb6 axb6 14. Nge2 Rg8 15. g3 Rg5 16. Nf4 Bg4 17.
Kd2 Bf3 18. Rh4 h5 19. a3 Rd6 20. Nb5 Rc6 21. Na7+ Kd7 22. Nxc6 bxc6 23. a4 Bb4+ 24.
Kc2 c5 25. dxc5 bxc5 26. a5 Kc7 27. a6 Kb8 28. a7+ Ka8 29. Nh3 Rg6 30. Rf4 f6 31.
Rf5 d4 32. Nf4 d3+ 33. Kb3 d2 34. Nxg6 d1=Q+ 35. Rxd1 Bxd1+ 36. Ka2 hxg6 37. Rxf6 Kxa7 38. Rxg6 Be1 39. Rg5 Bxf2 40. Rxc5 Bxe3 41. Re5 Bf3 42. Kb3 Bf2 43. Kc3 Bxg3 44. Re7+ Kb6 45. Kd2 h4 46. Ke3 h3 47. Rg7 h2 48. Rh7 h1=Q 49. Rxh1 Bxh1 0-1

[Event "Early-Titled-Tuesday-Blitz-February-20-2024"]
[Site "Chess.com"]
[Date "2024.02.20"]
[Round "8"]
[White "ActorXu"]
[Black "ChessLover0108"]
[Result "0-1"]
[WhiteElo "2828"]
[BlackElo "2976"]
[TimeControl "180+1"]
[EndTime "9:31:24 PST"]
[Termination "ChessLover0108 won on time"]

1. e4 c5 2. Nf3 d6 3. Bb5+ Bd7 4. c4 Nf6 5. Nc3 g6 6. d4 cxd4 7. Nxd4 Bg7 8. Bxd7+ Qxd7 9. f3 O-O 10. Be3 Rc8 11.
b3 a6 12. O-O b5 13. Nd5 Qb7 14. Rc1 e6 15. Nxf6+ Bxf6 16. cxb5 Rxc1 17. Qxc1 axb5 18. Qd2 Nd7 19. Rc1 d5 20. Nc6 dxe4 21. fxe4 h5 22. h3 Rc8 23. Qd6 Kh7 24. e5 Bg7 25. Kh1 Bf8 26. Na5 Rxc1+ 27. Bxc1 Bxd6 28. Nxb7 Bxe5 29. a4 bxa4 30. bxa4 Bd4 31. a5 Nb8 32. g4 f5 33. Kg2 Na6 34. Kf3 Kg7 35. gxh5 gxh5 36. Nd8 Kf6 37. Bg5+ Ke5 38. Nc6+ Kd5 39. Ne7+ Kd6 40.
Ng8 e5 41. Nf6 Ke6 42. Nxh5 Kd5 43. Nf6+ Ke6 44. h4 Nc5 45. a6 Nxa6 46. h5 Nc5 47.
Ne8 e4+ 48. Ke2 Nd3 49. h6 Kf7 0-1

[Event "Early-Titled-Tuesday-Blitz-February-20-2024"]
[Site "Chess.com"]
[Date "2024.02.20"]
[Round "8"]
[White "NastyaHn"]
[Black "malakismayil"]
[Result "1-0"]
[WhiteElo "2441"]
[BlackElo "2519"]
[TimeControl "180+1"]
[EndTime "9:31:25 PST"]
[Termination "NastyaHn won by checkmate"]

1. Nc3 e5 2. Nf3 Nc6 3. d4 exd4 4. Nxd4 Nf6 5. Bg5 Be7 6. Nf5 O-O 7. Nxe7+ Qxe7 8. Nd5 Qe5 9. Bxf6 gxf6 10. c3 d6 11. Nxc7 Rb8 12. Nd5 Be6 13. Ne3 f5 14. g3 d5 15. Bg2 d4 16. cxd4 Nxd4 17. O-O Rfd8 18.
Qe1 f4 19. gxf4 Qxf4 20. Kh1 Kh8 21. Rd1 Nc6 22. Qc3+ f6 23. Nd5 Bxd5 24. Bxd5 Ne5 25. Qg3 Qf5 26. Rg1 Ng6 27. e4 Qh5 28. f4 f5 29. e5 Qh6 30. Bf7 Qxf4 31. Qxf4 Nxf4 32. Rxd8+ Rxd8 33. e6 Nd5 34. Rd1 Kg7 35. e7 Nxe7 36.
Rxd8 Kxf7 37. Rd7 Ke6 38. Rxb7 Nc6 39. Rxh7 f4 40. Kg2 Ne5 41. Rxa7 Kf5 42. Ra5 Ke4 43.
Rxe5+ Kxe5 44. a4 Ke4 45. a5 Ke3 46. Kf1 Kf3 47. a6 Kg4 48. a7 Kh3 49. a8=Q Kg4 50.
Qg2+ Kf5 51. h4 Ke5 52. Qg5+ Kd4 53. h5 Kc4 54. h6 Kb3 55. h7 Ka2 56. h8=Q Ka1 57.
Qa8+ Kb1 58. Qf5+ Kc1 59. Qc6+ Kd2 60. Qcc2+ Ke3 61. Qfd3# 1-0

[Event "Early-Titled-Tuesday-Blitz-February-20-2024"]
[Site "Chess.com"]
[Date "2024.02.20"]
[Round "8"]
[White "Goffredo_Fofi"]
[Black "nj123456"]
[Result "1-0"]
[WhiteElo "2546"]
[BlackElo "2432"]
[TimeControl "180+1"]
[EndTime "9:31:26 PST"]
[Termination "Goffredo_Fofi won by resignation"]

1. e4 c6 2. Nf3 d5 3. d3 dxe4 4. dxe4 Qxd1+ 5. Kxd1 Bg4 6. Be2 Bxf3 7. Bxf3 e5 8. Be2 f6 9. Nd2 Nd7 10. a4 Bc5 11.
Ke1 Ne7 12. Nc4 O-O 13. c3 a5 14. Bd2 Rfd8 15. h4 Nf8 16. h5 Ne6 17. Bg4 Kf7 18.
Ke2 b5 19. Na3 Rab8 20. Bc1 Nc8 21. Nc2 Nd6 22. Bxe6+ Kxe6 23. f3 Bb6 24. g4 Nc4 25. b3 Nd6 26. Ba3 bxa4 27. Bxd6 Rxd6 28. bxa4 Bc5 29.
Rab1 Rdd8 30. Na1 Ba3 31. Nb3 Ra8 32. Nd2 Rd7 33. Nc4 Bc5 34. Rhd1 Rxd1 35. Rxd1 Rb8 36. Nxa5 Ra8 37. Nb3 Bb6 38. Ra1 Ba5 39. Kd3 Kd6 40.
Kc4 c5 41. Kb5 Bxc3 42. Rd1+ Bd4 43. a5 Rb8+ 44. Ka4 c4 45. Nxd4 exd4 46. Rxd4+ Kc5 47. Rd5+ Kc6 48. Rd2 Kc5 49. Rd5+ Kc6 50. h6 Rb3 51.
Rd4 Kc5 52. Rd5+ Kc6 53. hxg7 Rb8 54. g5 fxg5 55. Rxg5 Rg8 56. Kb4 Kd6 57. Kxc4 Ke6 58. Kb5 Kf6 59. Rg4 h5 60. Rg1 h4 61. a6 h3 62. a7 h2 63. Rh1 Kxg7 64. Rxh2 Kf6 65. Kb6 Ke5 66. Rh5+ Kf4 67. Rf5+ 1-0

[Event "Early-Titled-Tuesday-Blitz-February-20-2024"]
[Site "Chess.com"]
[Date "2024.02.20"]
[Round "8"]
[White "janhelmer03"]
[Black "BallottiLuca"]
[Result "1-0"]
[WhiteElo "2226"]
[BlackElo "2382"]
[TimeControl "180+1"]
[EndTime "9:31:26 PST"]
[Termination "janhelmer03 won by checkmate"]

1. d4 Nf6 2. c4 g6 3. Nf3 Bg7 4. g3 O-O 5. Bg2 d6 6. Nc3 Nc6 7. h3 a6 8. O-O Rb8 9. a3 Na5 10. Nd2 Nd7 11. e3 c5 12. d5 b5 13. Qe2 bxc4 14.
Nxc4 Nb3 15. Rb1 Nb6 16. Nd2 Nxc1 17. Rfxc1 e6 18. b4 cxb4 19. Rxb4 a5 20. Rbb1 Bd7 21. dxe6 Bxe6 22. Qa6 Bxc3 23. Rxc3 Nd5 24. Rxb8 Qxb8 25. Rb3 Qc7 26. Rd3 Qc1+ 27. Nf1 Nc3 28. Rxd6 Ne2+ 29. Qxe2 Rc8 30. Qd2 Qxa3 31. Rd8+ Rxd8 32. Qxd8+ Kg7 33. Qd4+ Kg8 34. Kh2 a4 35. Bd5 Bxd5 36. Qxd5 Qc1 37. Kg2 a3 38. Nd2 Qb2 39. Qa8+ Kg7 40. Nc4 Qf6 41.
Qxa3 h5 42. Qb2 Qxb2 43. Nxb2 Kf6 44. Nd3 Kf5 45. Ne1 Ke4 46. Kf1 Kd5 47. Ke2 Ke5 48. f3 Kf5 49. e4+ Kf6 50. Ke3 Kg5 51. f4+ Kh6 52.
g4 Kg7 53. g5 f6 54. h4 fxg5 55. fxg5 Kf7 56. Kf4 Ke6 57. Nf3 Kf7 58. Ne5+ Kg7 59. Nxg6 Kh7 60. Ne7 Kg7 61. Nf5+ Kh8 62. Ng3 Kh7 63.
Nxh5 Kh8 64. Ng3 Kh7 65. h5 Kh8 66. Kf5 Kh7 67. e5 Kh8 68. e6 Kh7 69. Kf6 Kh8 70.
g6 Kg8 71. h6 Kf8 72. h7 Ke8 73. h8=Q# 1-0

[Event "Early-Titled-Tuesday-Blitz-February-20-2024"]
[Site "Chess.com"]
[Date "2024.02.20"]
[Round "8"]
[White "Hilary46"]
[Black "kpio91"]
[Result "0-1"]
[WhiteElo "2666"]
[BlackElo "2877"]
[TimeControl "180+1"]
[EndTime "9:31:28 PST"]
[Termination "kpio91 won by checkmate"]

1. e4 d5 2. exd5 Qxd5 3. Nf3 Nf6 4. d4 g6 5. c4 Qd8 6. Nc3 Bg7 7.
Be2 O-O 8. O-O c6 9. h3 b6 10.
Re1 e6 11. Bf4 Bb7 12. c5 Nd5 13. Bd6 Re8 14. Nxd5 cxd5 15. b4 Nc6 16. b5 Na5 17.
Be5 f6 18. Bg3 bxc5 19. dxc5 e5 20. Qa4 a6 21. c6 axb5 22. Bxb5 Nxc6 23. Qd1 Re6 24.
a4 Ne7 25. Nd4 Rd6 26. Nb3 d4 27. Nc5 Bd5 28. f4 Nf5 29. fxe5 fxe5 30. Bxe5 Ne3 31.
Rxe3 dxe3 32. Bxg7 Kxg7 33. Qd4+ Qf6 34. Qxf6+ Rxf6 35. Nd7 Rf2 36. Nb6 Rd8 37. Nxd5 Rxd5 38. Re1 Re5 39. Rxe3 Rxg2+ 40. Kxg2 Rxe3 41. a5 Re5 42. Bc4 Rxa5 43. Bd3 h5 44. Be4 g5 45. Bd3 Kf6 46.
Be4 Ke5 47. Bg6 h4 48. Bh5 Kf4 49. Bg4 Ra3 50. Bc8 Ra2+ 51. Kg1 Kg3 52. Kf1 Rh2 53. Bd7 Rxh3 54. Kg1 Rh2 55. Bc6 h3 56. Bd5 Rd2 57. Bg2 Rd1+ 58. Bf1 h2+ 59. Kh1 Rxf1# 0-1

[Event "Early-Titled-Tuesday-Blitz-February-20-2024"]
[Site "Chess.com"]
[Date "2024.02.20"]
[Round "8"]
[White "alexrustemov"]
[Black "Ali_rastbod"]
[Result "1/2-1/2"]
[WhiteElo "2891"]
[BlackElo "2698"]
[TimeControl "180+1"]
[EndTime "9:31:34 PST"]
[Termination "Game drawn - insufficient material"]

1. d4 e6 2. c4 Bb4+ 3. Bd2 Qe7 4.
Nf3 Bxd2+ 5. Qxd2 d6 6. Nc3 e5 7. Nd5 Qd8 8. dxe5 dxe5 9. Nxe5 Nf6 10. O-O-O O-O 11. Qf4 Nxd5 12. cxd5 Qe7 13. e3 Nd7 14. Nxd7 Bxd7 15. Bd3 f5 16. Kb1 c6 17. Bc4 Kh8 18. dxc6 Bxc6 19. Bd5 Rac8 20. a3 h6 21. Bxc6 Rxc6 22.
Rc1 Rg6 23. g3 Qe4+ 24. Qxe4 fxe4 25. Rhf1 Rgf6 26. Rc2 Kh7 27. Kc1 Kg6 28. Kd1 Kg5 29.
h3 h5 30. Ke2 h4 31. Rc5+ Rf5 32. Rfc1 b6 33. Rxf5+ Rxf5 34. gxh4+ Kxh4 35. Rg1 g5 36. Rg4+ Kxh3 37. Rxe4 Rb5 38. b4 a5 39. Rd4 axb4 40.
Rxb4 Ra5 41. a4 g4 42. e4 Rc5 43. Rxb6 Rc2+ 44. Ke3 Rc3+ 45. Kd4 Rc2 46. Rf6 Ra2 47.
e5 Rxa4+ 48. Kd5 Ra5+ 49. Ke4 Ra4+ 50. Kf5 Kg2 51. Kg6 Re4 52. e6 Re2 53. Kf7 Rxf2 54. Rxf2+ Kxf2 55. e7 g3 56. e8=Q g2 57. Qe5 g1=Q 58.
Qd4+ Kg2 59. Qxg1+ Kxg1 1/2-1/2

[Event "Early-Titled-Tuesday-Blitz-February-20-2024"]
[Site "Chess.com"]
[Date "2024.02.20"]
[Round "8"]
[White "Kunalm64"]
[Black "Mops_2004"]
[Result "0-1"]
[WhiteElo "2539"]
[BlackElo "2734"]
[TimeControl "180+1"]
[EndTime "9:31:35 PST"]
[Termination "Mops_2004 won by resignation"]

1. e4 g6 2. d4 Bg7 3. Nf3 d6 4.
Nc3 a6 5. a4 Nf6 6. Bg5 h6 7.
Be3 Ng4 8. Bf4 Nc6 9. h3 e5 10. dxe5 Ngxe5 11. Nxe5 dxe5 12. Qxd8+ Nxd8 13. Be3 Be6 14.
O-O-O f5 15. f3 c6 16. a5 Bf8 17. Na4 Bb4 18. Bd2 Bxd2+ 19. Rxd2 Ke7 20. Nc5 f4 21. Be2 Bc8 22. Rhd1 Ne6 23. Nxb7 Nd4 24. Nc5 Rd8 25. c3 Nxe2+ 26. Rxe2 Rxd1+ 27. Kxd1 g5 28. Ke1 h5 29. Kf2 g4 30. hxg4 hxg4 31. Re1 g3+ 32. Ke2 Be6 33. b3 Kd6 34. Nb7+ Ke7 35. Nc5 Bf7 36. Rd1 Rh8 37. Rd7+ Ke8 38. Rd2 Rh2 39. Kd3 Ke7 40. c4 Bh5 41. Kc3 Bxf3 42. Rd7+ Kf6 43. gxf3 g2 44.
Rd6+ Kf7 45. Rd7+ Kg8 46. Rd8+ Kh7 47. Rd7+ Kh6 48. Rd6+ Kh5 49. Rd8 Kh4 50. Rg8 Kh3 51. Nxa6 Rh1 52. Nc5 Rf1 53. a6 Rxf3+ 54. Kb4 Rg3 55.
Rxg3+ fxg3 56. a7 g1=Q 57. a8=Q Qe1+ 58. Ka4 Qa1+ 59. Kb4 Qxa8 60. Kc3 Qf8 0-1

[Event "Early-Titled-Tuesday-Blitz-February-20-2024"]
[Site "Chess.com"]
[Date "2024.02.20"]
[Round "8"]
[White "KetiTsatsalashvili"]
[Black "Boundless_Strike"]
[Result "0-1"]
[WhiteElo "2452"]
[BlackElo "2638"]
[TimeControl "180+1"]
[EndTime "9:31:35 PST"]
[Termination "Boundless_Strike won by checkmate"]

1. d4 e5 2. dxe5 d6 3. exd6 Bxd6 4. Nf3 Nc6 5. h3 Bf5 6. Nbd2 Qe7 7. e3 O-O-O 8. Bb5 Nb4 9. Ba4 Nf6 10. a3 Nbd5 11. Qe2 c6 12. Nd4 Bg6 13. Bxc6 bxc6 14. Nxc6 Qb7 15. Nxd8 Rxd8 16. O-O Bxc2 17. Nc4 Qb3 18.
Bd2 Bc7 19. Rfc1 Bd3 20. Na5 Bxe2 21. Nxb3 Ne4 22. Ba5 Nb6 23. Nd4 Bd3 24. f3 Nd6 25. Rc3 Ba6 26. Rac1 Rd7 27. Nc6 Kb7 28. Bb4 Nb5 29. Na5+ Kb8 30. Nc6+ Kb7 31. Na5+ Ka8 32.
Rc5 Na4 33. Rf5 Nxb2 34. Rfc5 Nd3 35. Rd1 Nxc5 36. Rxd7 Nxd7 37. Nc6 Bb7 38. Ne7 Bd6 39. Nf5 Bxb4 40. axb4 g6 41. Nh6 f5 42. Nf7 Nb8 43. Ng5 Nc6 44. Nxh7 Nxb4 45. Nf8 a5 46. Nxg6 a4 47. Ne5 a3 48. h4 a2 49.
Kh2 a1=Q 50. f4 Qe1 51. Nf3 Qf2 52. Kh3 Bxf3 53. gxf3 Qxf3+ 54. Kh2 Qg4 55. h5 Qxh5+ 56. Kg3 Qg4+ 57. Kf2 Nc3 58. e4 Nxe4+ 59. Ke3 Qg3+ 60. Kd4 Qxf4 61. Kc4 Qc7+ 62. Kd4 Qc5# 0-1